 Dungeon Crawl Stone Soup version 0.31-a0-851-g7ff8af7976 (webtiles) character file.

Game seed: 11996740628416622607

5798 Kurtz the Fighter (level 10, -7/80 HPs)
             Began as a Mummy Delver on Oct 6, 2023.
             Was a High Priest of Okawaru.
             Mangled by a wolf (8 damage)
             ... on level 9 of the Dungeon.
             The game lasted 00:11:07 (8314 turns).

Kurtz the Fighter (Mummy Delver)                    Turns: 8314, Time: 00:11:07

Health: -7/80      AC: 12    Str: 22    XL:     10   Next: 50%
Magic:  14/14      EV: 10    Int:  9    God:    Okawaru [*****.]
Gold:   389        SH:  0    Dex: 15    Spells: 9/9 levels left

rFire   x . .        u - +10 short sword "Ropruj" {spect, Str+3}
rCold   + . .        (no shield)
rNeg    + + +        e - +0 chain mail
rPois   ∞            (no helmet)
rElec   .            C - +0 cloak
rCorr   .            x - +0 pair of gloves
SInv    +            (no boots)
Will    +....        (no amulet) Stlth
                     k - ring of see invisible
HPRegen 0.33/turn    (no ring)
MPRegen 0.14/turn

%: faith
@: no status effects
A: cold resistance 1, negative energy resistance 3, torment resistance 2, heat
vulnerability 1, in touch with death 1, no potions, faith
a: Renounce Religion, Heroism, Finesse, Duel


You were on level 9 of the Dungeon.
You worshipped Okawaru.
Okawaru was extremely pleased with you.
You visited 2 branches of the dungeon, and saw 10 of its levels.

You collected 389 gold pieces.

Inventory:

Hand Weapons
 a - a +0 hand axe
 i - the +11 dagger "Deddiore" {spect, rC+}
   (You found it on level 4 of the Dungeon)

   rC+:       It protects you from cold.
 u - the +10 short sword "Ropruj" (weapon) {spect, Str+3}
   (You found it on level 5 of the Dungeon)

   Str+3:     It affects your strength (+3).
 z - a +1 morningstar of freezing
Missiles
 q - 9 boomerangs
 r - 25 poisoned darts
 y - 3 curare-tipped darts
 A - 2 throwing nets
Armour
 e - a +0 chain mail (worn)
 x - a +0 pair of gloves (worn)
 C - a +0 cloak (worn)
 D - a +0 buckler
Jewellery
 k - a ring of see invisible (left hand)
 n - a ring of ice
Wands
 f - a wand of digging (3)
Scrolls
 b - 2 scrolls of blinking {unknown}
 c - a scroll of fog
 d - a scroll of revelation
 g - 7 scrolls of teleportation
 h - a scroll of amnesia {unknown}
 l - 2 scrolls of poison {unknown}
 m - 2 scrolls of silence {unknown}
 o - 2 scrolls of noise {unknown}
 p - a scroll of enchant weapon {unknown}
 s - a scroll of immolation {unknown}
 t - a scroll of brand weapon {unknown}
 v - a scroll of torment {unknown}
 w - a scroll of identify {unknown}


   Skills:
 - Level 8.0 Fighting
 - Level 7.2 Axes
 - Level 6.3 Armour
 - Level 3.5 Dodging
 - Level 4.1 Stealth
 * Level 2.7 Shields
 * Level 5.6 Invocations


You had 9 spell levels left.
You didn't know any spells.
Your spell library contained the following spells:

 Spells                   Type           Power      Damage    Failure   Level
 Apportation              Tloc           0%         N/A       93%         1
 Necrotise                Necr           0%         1d4       93%         1
 Sting                    Tmut/Pois      0%         1d3       93%         1
 Cigotuvi's Dreadful Rot  Necr/Pois/Air  0%         N/A       98%         2
 Poisonous Vapours        Pois/Air       0%         N/A       98%         2
 Ignite Poison            Fire/Tmut/Pois 0%         N/A       100%        3
 Inner Flame              Hex/Fire       0%         N/A       100%        3
 Ozocubu's Armour         Ice            0%         N/A       100%        3
 Olgreb's Toxic Radiance  Pois           0%         N/A       100%        4
 Freezing Cloud           Conj/Ice/Air   0%         6-21      100%        5
 Yara's Violent Unravell  Hex/Tmut       0%         3d3       100%        5
 Conjure Ball Lightning   Conj/Air       0%         3x3d6     100%        6
 Enfeeble                 Hex            0%         N/A       100%        7
 Ozocubu's Refrigeration  Ice            0%         4d7       100%        7
 Discord                  Hex            0%         N/A       100%        8
 Disjunction              Tloc           0%         N/A       100%        8
 Summon Small Mammal      Summ           Unusable   N/A       N/A         1

Dungeon Overview and Level Annotations

Branches:
Dungeon (9/15)             Temple (1/1) D:4
   Lair: D:8-11         Orc: D:9-12

Altars:
Ashenzari
Cheibriados
Dithmenos
Fedhas
Gozag
Hepliaklqana
Makhleb
Nemelex Xobeh
Okawaru
Qazlal
Sif Muna
Trog
Uskayaw
Vehumet
Wu Jian
Xom
Yredelemnul

Shops:
D:4 =

Annotations:
D:5 exclusion: downstairs
D:8 exclusions: downstairs and two-headed ogre


Innate Abilities, Weirdness & Mutations

You are immune to poison.
Your flesh is cold resistant. (rC+)
You are immune to negative energy. (rN+++)
You are immune to unholy pain and torment.
You are vulnerable to heat. (rF-)
You are in touch with the powers of death.
You do not drink.
You have a special connection with the divine. (Faith)


Message History

* * * LOW HITPOINT WARNING * * *
Your +10 short sword "Ropruj" {spect, Str+3} disappears.
You closely miss the yak.
The yak is almost dead.
Your +10 short sword "Ropruj" {spect, Str+3} hits the yak!
You kill the yak!
Okawaru accepts your kill.
Unknown command.
Your +10 short sword "Ropruj" {spect, Str+3} disappears.
Found 20 gold pieces.
The orc warrior cheers noisily.
Aiming: Polymorph
Press: ? - help, Q - select action, (/) - cycle Shift-Dir - straight line, f - orc warrior
Aim: an orc warrior, wielding a +0 dire flail and wearing a +0 chain mail (will become a wolf, a boggart, or a hound, chance to affect: 49%)
The orc warrior evaporates and reforms as a wolf!
The now-empty wand crumbles to dust.
You puncture the wolf!
The wolf is moderately wounded.
The wolf bites you.
* * * LOW HITPOINT WARNING * * *
The wolf bites you but does no damage.
Unknown command.
You puncture the wolf!
The wolf is severely wounded.
The wolf bites you but does no damage.
The orc hits you from afar with a +0 trident.
* * * LOW HITPOINT WARNING * * *
The wolf bites you.
* * * LOW HITPOINT WARNING * * *
You miss the wolf.
The wolf is severely wounded.
The orc hits you but does no damage. The wolf bites you!
* * * LOW HITPOINT WARNING * * *
Unknown command.
You barely miss the wolf.
The wolf is severely wounded.
The wolf bites you!
* * * LOW HITPOINT WARNING * * *
The orc closely misses you. The wolf bites you!
You die...

...........).)........
#.>.##''##########....
#...#).......... ...
#...#).......... ..
#...#........... .
####...#..........# .
.......#..........# ...
.......##)#########.....
......†)†.....oh@.$.....
.....################...
.....# ..o..# ..Y..#
Y....# .....# .....#
.....#


You could see a wolf and an orc.

Vanquished Creatures
  A cyclops (D:8)
  Prince Ribbit (D:6)
  12 yaks
  A steam dragon (D:8)
  Menkaure (D:4)
  An acid dragon (D:8)
  2 water moccasins
  A sky beast (D:8)
  A black bear (D:6)
  2 centaurs
  A tengu (D:6)
  A phantom (D:4)
  2 kobold brigands
  2 bullfrogs
  2 gnoll sergeants
  4 scorpions
  5 wights
  9 killer bees
  3 howler monkeys
  2 jellies
  A gnoll bouda (D:6)
  4 hounds
  3 sleepcaps
  5 orc priests
  Crazy Yiuf (D:7)
  5 iguanas
  6 orc wizards
  12 gnolls
  4 adders
  2 shadow imps
  A white imp (D:5)
  4 worms
  2 dart slugs (D:1)
  33 orcs
  5 endoplasms
  A giant cockroach (D:2)
  5 goblins
  4 hobgoblins
  4 jackals (D:1)
  18 kobolds
  7 quokkas
  11 ball pythons
  4 bats
  3 frilled lizards
  4 rats
  A spectral orc (D:6)
204 creatures vanquished.

Notes
Turn   | Place    | Note
-------+----------+-------------------------------------------
     0 | D:5      | Kurtz the Mummy Delver began the quest for the Orb.
     0 | D:5      | Reached XP level 1. HP: 18/18 MP: 1/1
    34 | D:5      | Reached XP level 2. HP: 20/24 MP: 2/2
   120 | D:4      | Found a staircase to the Ecumenical Temple.
   132 | D:4      | Identified the +11 dagger "Deddiore" {spect, rC+}
   138 | D:4      | Reached XP level 3. HP: 28/29 MP: 3/3
   144 | Temple   | Entered the Ecumenical Temple
   152 | Temple   | Became a worshipper of Warmaster Okawaru
   214 | D:4      | Noticed Menkaure
   229 | D:4      | Killed Menkaure
   230 | D:4      | Reached XP level 4. HP: 3/35 MP: 4/4
   230 | D:4      | Reached XP level 5. HP: 3/41 MP: 5/5
   909 | D:2      | Found a basalt altar of Yredelemnul.
  1042 | D:2      | Found a faded altar of an unknown god.
  1288 | D:3      | Reached skill level 5 in Axes
  1851 | D:4      | Reached XP level 6. HP: 30/47 MP: 6/6
  2019 | D:4      | Reached skill level 1 in Invocations
  2089 | D:4      | Reached * piety under Okawaru
  2176 | D:4      | Found Bimpuasm's Jewellery Shoppe.
  2363 | D:4      | Found a hide-covered altar of Uskayaw.
  2485 | D:5      | Reached skill level 4 in Fighting
  2488 | D:5      | Identified the +10 short sword "Ropruj" {spect, Str+3}
  2667 | D:5      | Reached XP level 7. HP: 51/55 MP: 8/8
  2767 | D:5      | Reached ** piety under Okawaru
  3016 | D:6      | Reached skill level 5 in Fighting
  3126 | D:6      | Noticed a yak
  3128 | D:6      | Noticed a yak
  3128 | D:6      | Noticed a yak
  3128 | D:6      | Noticed a yak
  3160 | D:5      | Killed a yak
  3160 | D:5      | Reached *** piety under Okawaru
  3161 | D:5      | Reached skill level 6 in Fighting
  3161 | D:5      | Reached XP level 8. HP: 46/64 MP: 10/10
  3288 | D:6      | Reached skill level 7 in Fighting
  3897 | D:6      | Noticed Prince Ribbit
  3905 | D:6      | Killed Prince Ribbit
  3905 | D:6      | Reached **** piety under Okawaru
  3906 | D:6      | Reached skill level 8 in Fighting
  4276 | D:6      | Found a hazy altar of Hepliaklqana.
  4281 | D:6      | Reached XP level 9. HP: 74/74 MP: 12/12
  4376 | D:6      | Reached skill level 1 in Armour
  5460 | D:7      | Reached ***** piety under Okawaru
  5817 | D:7      | Found a runed translucent door.
  5817 | D:7      | Noticed Crazy Yiuf
  5824 | D:7      | Killed Crazy Yiuf
  6225 | D:8      | Noticed a cyclops
  6234 | D:8      | Killed a cyclops
  6235 | D:8      | Reached skill level 5 in Armour
  6392 | D:8      | Reached XP level 10. HP: 80/80 MP: 13/13
  6813 | D:8      | Noticed a two-headed ogre
  7713 | D:8      | Reached skill level 1 in Shields
  7796 | D:9      | Received a gift from Okawaru
  7800 | D:9      | Reached skill level 5 in Invocations
  8314 | D:9      | HP: 1/80 [wolf (8)]
  8314 | D:9      | Mangled by a wolf

Illustrated notes

Levels and vault maps discovered:
D:1:      heliophobic_arrival_enchanted_forest, layout_rooms,
          amcnicky_mini_pool_small, nicolae_figureground_pulse
D:2:      layout_rooms, basic_altar, chequers_ecumenical_altar_twisty,
          minmay_misc_feat_hallway
D:3:      layout_loops_cross, minmay_misc_feat_tower
D:4:      layout_rooms, nicolae_overflow_hidden_temple,
          minmay_temple_entry_mist, serial_shops, shop, uniq_menkaure
D:5:      minmay_general_purpose_star, layout_rooms, lemuel_crystal_altar
D:6:      layout_cave_pools, nicolae_hepliaklqana_monster_ancestors,
          uniq_prince_ribbit1
D:7:      layout_cave_pools, uniq_crazy_yiuf_cottage
D:8:      layout_basic, tso_altar
D:9:      layout_irregular_city, nicolae_ru_sacrificial_ziggurat,
          hiddenorc1_lemuel
Temple:   lightli_temple_of_artemis

Skill      XL: |  1  2  3  4  5  6  7  8  9 10 |
---------------+-------------------------------+-----
Axes           | 2 3 4 5 6 7 |  7.2
Invocations    | 2 3 4 5 |  5.6
Fighting       | 4 6 8 |  8.0
Armour         | 5 6 |  6.3
Dodging        | 3 |  3.5
Shields        | 2 |  2.7
Stealth        | |  4.1

Action                     |  1- 3 |  4- 6 |  7- 9 | 10-12 || total
---------------------------+-------+-------+-------+-------++-------
  Melee: Hand axe          |    21 |       |       |       ||    21
         Dagger            |     8 |   111 |       |       ||   119
         Short sword       |       |    16 |   206 |   134 ||   356
         Punch             |       |     1 |       |     4 ||     5
  Throw: Dart              |       |       |     7 |       ||     7
         Boomerang         |       |       |       |     1 ||     1
  Evoke: Wand              |       |       |     6 |     4 ||    10
    Use: Scroll            |       |       |       |     2 ||     2
   Stab: Distracted        |       |     1 |     2 |       ||     3
         Sleeping          |       |       |     1 |       ||     1
 Armour: Leather armour    |    12 |       |       |       ||    12
         Ring mail         |     2 |       |    14 |    92 ||   108
         Chain mail        |     6 |    74 |   235 |    32 ||   347
  Dodge: Dodged            |    16 |    49 |    98 |    86 ||   249

Table legend: (Time is in decaauts)
 A = Elapsed time spent in this place.
 B = Non-inter-level travel time spent in this place.
 C = Inter-level travel time spent in this place.
 D = Time resting spent in this place.
 E = Time spent auto-exploring this place.
 F = Levels seen in this place.
 G = Mean time per level.
                   A        B        C        D        E       F      G
               +--------+--------+--------+--------+--------+-----+--------+
         Total |   8344 |   7457 |    887 |   2565 |   3449 |  10 |  834.4 |
       Dungeon |   8327 |   7448 |    879 |   2565 |   3449 |   9 |  925.2 |
        Temple |     16 |      8 |      8 |      0 |      0 |   1 |   16.0 |
               +--------+--------+--------+--------+--------+-----+--------+

Top non-repeatable levels by time:
     D:6: 2114 daAuts
     D:8: 1748 daAuts
     D:5: 951 daAuts
     D:4: 922 daAuts
     D:3: 709 daAuts
     D:7: 653 daAuts
     D:2: 449 daAuts
     D:1: 410 daAuts
     D:9: 369 daAuts
  Temple: 16 daAuts
